 Dungeon Crawl Stone Soup version 0.29-a0-901-g46a8461d6a (webtiles) character file.

Game seed: 15394906689623211316

109 inmateoo the Chopper (level 4, -3/38 HPs)
             Began as a Minotaur Gladiator on July 24, 2022.
             Slain by an ice beast (5 damage)
             ... on level 3 of the Dungeon.
             The game lasted 00:01:25 (1900 turns).

inmateoo the Chopper (Minotaur Gladiator)           Turns: 1900, Time: 00:01:26

Health: -3/38      AC: 12    Str: 20    XL:     4   Next: 60%
Magic:  3/3        EV:  7    Int:  5    God:
Gold:   132        SH:  0    Dex: 12    Spells: 3/3 levels left

rFire   . . .      SeeInvis .   a - +0 war axe
rCold   . . .      Faith    .   (no shield)
rNeg    . . .      Spirit   .   n - +0 plate armour
rPois   .          Reflect  .   c - +0 hat
rElec   .          Harm     .   (no cloak)
rCorr   .          Rampage  .   (no gloves)
Will    .....                   j - +0 pair of boots
Stlth   ..........              (no amulet)
HPRegen 0.12/turn               (no ring)
MPRegen 0.08/turn               (no ring)

@: no status effects
A: horns 2, retaliatory headbutt
a: no special abilities


You were on level 3 of the Dungeon.
You visited 1 branch of the dungeon, and saw 3 of its levels.

You collected 132 gold pieces.

Inventory:

Hand Weapons
 a - a +0 war axe (weapon)
Missiles
 d - 3 throwing nets (quivered)
 e - a javelin
Armour
 c - a +0 hat (worn)
 j - a +0 pair of boots (worn)
 n - a +0 plate armour (worn)
Jewellery
 m - a ring of flight
Scrolls
 g - a scroll of teleportation {unknown}
Potions
 b - 3 potions of attraction
 f - 2 potions of degeneration {unknown}
 h - a potion of might {unknown}
 i - 3 potions of heal wounds
 k - a potion of brilliance


   Skills:
 + Level 3.4 Fighting
 * Level 5.0 Axes
 - Level 2.0 Throwing
 + Level 2.0 Armour
 + Level 3.9 Dodging


You had 3 spell levels left.
You didn't know any spells.
Your spell library was empty.

Dungeon Overview and Level Annotations

Branches:
Dungeon (3/15)

Altars:
Ashenzari
Dithmenos


Innate Abilities, Weirdness & Mutations

You have a pair of horns on your head.
You reflexively headbutt those who attack you in melee.


Message History

You hit the ice beast but do no damage.
The ice beast is lightly wounded.
The ice beast hits you but does no damage. x2
You hit the ice beast but do no damage.
The ice beast is lightly wounded.
The ice beast hits you. The ice beast freezes you!
You are too injured to fight recklessly!
You closely miss the ice beast.
The ice beast is lightly wounded.
The ice beast barely misses you. You furiously retaliate!
You headbutt the ice beast!
You are too injured to fight recklessly!
You hit the ice beast but do no damage.
The ice beast is moderately wounded.
The ice beast hits you but does no damage.
You are too injured to fight recklessly!
You barely miss the ice beast.
You headbutt the ice beast, but do no damage.
The ice beast is moderately wounded.
The ice beast hits you but does no damage. x2
You closely miss the ice beast.
The ice beast is moderately wounded.
The ice beast hits you but does no damage.
You hit the ice beast.
The ice beast is heavily wounded.
The ice beast hits you. The ice beast freezes you!
* * * LOW HITPOINT WARNING * * *
You barely miss the ice beast.
You headbutt the ice beast, but do no damage.
The ice beast is heavily wounded.
The ice beast closely misses you.
You hit the ice beast. Your headbutt misses the ice beast.
The ice beast is severely wounded.
The ice beast closely misses you.
You closely miss the ice beast.
The ice beast is severely wounded.
The ice beast hits you.
* * * LOW HITPOINT WARNING * * *
The ice beast freezes you.
You die...

.............# ........
..............#.........
..............#.........
#...............######.
#...............######.
#......................
.#......................
.........##.#...........
.?.....@.##.#####.......
......Y..#..........≈...
.........#..............
.........#............≈≈
.........#............≈≈
.........#..............
.........#..........≈...
#........#..............
#..............


You could see an ice beast.

Vanquished Creatures
  3 adders
  3 gnolls (D:3)
  A dart slug (D:1)
  A worm (D:2)
  3 ball pythons
  4 bats
  6 endoplasms
  3 giant cockroaches
  5 goblins
  7 hobgoblins
  2 jackals (D:1)
  2 quokkas
  2 frilled lizards
  2 kobolds
  3 rats
47 creatures vanquished.

Vanquished Creatures (others)
  3 plants (D:1)
3 creatures vanquished.

Grand Total: 50 creatures vanquished

Notes
Turn   | Place    | Note
-------+----------+-------------------------------------------
     0 | D:1      | inmateoo the Minotaur Gladiator began the quest for the
                  | Orb.
     0 | D:1      | Reached XP level 1. HP: 18/18 MP: 0/0
   147 | D:1      | Found a faded altar of an unknown god.
   211 | D:1      | Reached XP level 2. HP: 16/25 MP: 1/1
   337 | D:1      | Reached skill level 4 in Axes
   428 | D:1      | Reached skill level 1 in Armour
   816 | D:2      | Reached XP level 3. HP: 30/30 MP: 2/2
  1450 | D:3      | Found a broken altar of Ashenzari.
  1472 | D:3      | Reached XP level 4. HP: 38/38 MP: 3/3
  1726 | D:3      | Reached skill level 5 in Axes
  1804 | D:3      | Found a shadowy altar of Dithmenos.
  1883 | D:3      | Noticed an ice beast
  1900 | D:3      | Slain by an ice beast

Illustrated notes

Levels and vault maps discovered:
D:1:      dpeg_arrival_simpleton_a, layout_loops_ring, serial_forest,
          infiniplex_forest_lined_4_way, infiniplex_forest_straight_2,
          infiniplex_forest_clump_small, infiniplex_forest_corner_2,
          infiniplex_forest_end_double, infiniplex_forest_clump_long,
          infiniplex_forest_end_2, infiniplex_forest_corner_2,
          basic_ecumenical_altar
D:2:      layout_loops_ring, minmay_tripent
D:3:      layout_basic, nicolae_ashenzari_skybound,
          mainiacjoe_overflow_24_doors, serial_undead, serial_undead_c,
          serial_undead_a, serial_undead_d, serial_undead_a,
          chequers_serial_rivers_micro_c, skrybe_limestone_x,
          minmay_diced_spiral

Skill      XL: |  1  2  3  4 |
---------------+-------------+-----
Axes           | 4 5 |  5.0
Armour         | 1 2 |  2.0
Fighting       | 3 |  3.4
Throwing       | |  2.0
Dodging        | |  3.9

Action                   |  1- 3 |  4- 6 || total
-------------------------+-------+-------++-------
Melee: War axe           |    75 |    35 ||   110
       Headbutt          |    11 |     5 ||    16
  Use: Scroll            |     6 |       ||     6
Armor: Leather armour    |    24 |       ||    24
       Plate armour      |    12 |    26 ||    38
Dodge: Dodged            |    41 |    11 ||    52

Table legend: (Time is in decaauts)
 A = Elapsed time spent in this place.
 B = Non-inter-level travel time spent in this place.
 C = Inter-level travel time spent in this place.
 D = Time resting spent in this place.
 E = Time spent auto-exploring this place.
 F = Levels seen in this place.
 G = Mean time per level.
                   A        B        C        D        E       F      G
               +--------+--------+--------+--------+--------+-----+--------+
         Total |   1929 |   1892 |     37 |    351 |   1208 |   3 |  643.0 |
       Dungeon |   1929 |   1892 |     37 |    351 |   1208 |   3 |  643.0 |
               +--------+--------+--------+--------+--------+-----+--------+

Top non-repeatable levels by time:
     D:1: 818 daAuts
     D:2: 593 daAuts
     D:3: 517 daAuts
